 Dungeon Crawl Stone Soup version 0.30-b1-2-g02819fbbbe (webtiles) character file.

Game seed: 9732495080449609662

221839 Armakuni the Sorcerer (level 19, -19/169 HPs)
             Began as a Djinni Brigand on May 7, 2023.
             Was the Champion of Makhleb.
             Killed from afar by a frost giant (50 damage)
             ... with a bolt of cold
             ... on level 4 of the Shoals on May 10, 2023.
             The game lasted 03:05:58 (30769 turns).

Armakuni the Sorcerer (Djinni Brigand)             Turns: 30769, Time: 03:05:59

Health: -19/169    AC: 37    Str: 12    XL:     19   Next: 98%
Gold:   2813       EV: 16    Int: 20    God:    Makhleb [******] SH:  8 Dex: 17

rFire   + . .        b - +7 demon trident (venom)
rCold   . . .        f - +3 buckler {AC+3}
rNeg    + . .        d - melded +4 scale mail
rPois   ∞            j - +2 helmet {Int+3}
rElec   +            z - +0 cloak {rCorr}
rCorr   +            A - melded +0 pair of gloves
SInv    .            (boots unavailable)
Will    +....        R - amulet of regeneration
Stlth   ++           J - ring of ice
HPRegen 1.28/turn    E - +5 ring of evasion
MPRegen 0.00/turn

%: infuse magic (-20 HP)
@: statue-form, flying, very slow
A: slow and powerful, torment resistance 1, flying, boosted hp, sickness
immunity, fire resistance 2, cold vulnerability 1, float, innate caster, HP
casting, extra vitality 1
}: 1/15 runes: serpentine
a: End Transformation, Renounce Religion, Minor Destruction, Lesser Servant of
Makhleb, Major Destruction, Greater Servant of Makhleb


You were on level 4 of the Shoals.
You worshipped Makhleb.
Makhleb was exalted by your worship.
You were a living statue of rough stone.
You visited 6 branches of the dungeon, and saw 31 of its levels.
You also visited: Bailey.

You collected 3369 gold pieces.
You spent 556 gold pieces at shops.

Inventory:

Hand Weapons
 b - a +7 demon trident of venom (weapon)
Missiles
 e - 4 curare-tipped darts
 G - 4 throwing nets
Armour
 d - a +4 scale mail (melded)
 f - a +3 buckler of protection (worn)
 j - a +2 helmet of intelligence (worn)
 z - a +0 cloak of preservation (worn)
 A - a +0 pair of gloves (melded)
Magical Staves
 a - a staff of conjuration
Jewellery
 E - a +5 ring of evasion (right fist)
 I - a +6 ring of intelligence
 J - a ring of ice (left fist)
 R - an amulet of regeneration (around neck)
 X - a ring of see invisible
Wands
 i - a wand of charming (25)
 k - a wand of digging (11)
 q - a wand of light (13)
 v - a wand of flame (93)
 y - a wand of polymorph (13)
 C - a wand of roots (17)
Scrolls
 c - 5 scrolls of noise
 g - 8 scrolls of teleportation
 u - 17 scrolls of identify
 x - a scroll of silence
 B - 6 scrolls of fog
 L - 2 scrolls of vulnerability
 M - 5 scrolls of torment
 O - 3 scrolls of summoning
 P - 2 scrolls of poison
 Q - 2 scrolls of enchant armour
 T - 4 scrolls of magic mapping
Potions
 h - 2 potions of cancellation
 m - 9 potions of might
 n - 19 potions of curing
 o - 5 potions of brilliance
 r - 7 potions of lignification
 s - 6 potions of ambrosia
 w - 4 potions of mutation
 D - 4 potions of invisibility
 H - 2 potions of heal wounds
 N - 5 potions of haste
 V - 2 potions of resistance
 W - 2 potions of berserk rage
 Y - a potion of magic
Miscellaneous
 l - a lightning rod (3/4)
 p - a phantom mirror (inert)
 t - a tin of tremorstones (1/2)
 F - a phial of floods
 S - a box of beasts


   Skills:
 - Level 10.0 Fighting
 - Level 1.7 Short Blades
 + Level 3.5 Polearms
 - Level 1.5 Throwing
 - Level 1.1 Dodging
 - Level 3.2 Stealth
 - Level 4.0 Shields
 - Level 23.2 Spellcasting
 - Level 10.0 Invocations
 - Level 3.0 Evocations


You knew the following spells:

 Your Spells              Type           Power      Damage    Failure   Level
a - Magic Dart            Conj           100%       1d8       0%          1
e - Metabolic Englaciati  Hex/Ice        54%        N/A       0%          5
g - Malign Gateway        Summ/Tloc      43%        N/A       1%          7
h - Hailstorm             Conj/Ice       100%       3d20      0%          3
i - Ignite Poison         Fire/Tmut/Pois 86%        N/A       0%          3
s - Statue Form           Tmut/Erth      57%        N/A       1%          6
w - Blade Hands           Tmut           43%        N/A       0%          5
z - Searing Ray           Conj           100%       2d8       0%          2
H - Summon Hydra          Summ           43%        N/A       1%          7
Your spell library was empty.

Dungeon Overview and Level Annotations

Branches:
Dungeon (15/15)            Temple (1/1) D:6            Lair (5/5) D:11
 Shoals (4/4) Lair:2        Snake (4/4) Lair:2        Slime (0/5) Lair:4
    Orc (2/2) D:11            Elf (0/3) Orc:2        Vaults (0/5) D:13
 Depths (0/4) D:15         Bailey (visited)

Altars:
Ashenzari
Cheibriados
Dithmenos
Elyvilon
Fedhas
Gozag
Hepliaklqana
Makhleb
Nemelex Xobeh
Okawaru
Qazlal
Ru
Trog
Uskayaw
Wu Jian
Xom
Yredelemnul
Zin
The Shining One
Jiyva
Lugonu

Shops:
D:2 ?   D:3 *   D:5 *   D:7 ((=*   Orc:2 ([[(   Shoals:1 (   Snake:1 [
Snake:2 [

Portals:
Abyss: Lair:5
Trove: D:12 (give +3 shadow dragon scales)

Annotations:
Snake:4 Mara


Innate Abilities, Weirdness & Mutations

You are a living statue of rough stone.
Your actions are slow, but your melee attacks are powerful.
You are resistant to unholy torment.
You are flying.
Your maximum health is greatly increased.
Your equipment is partially melded.
You are immune to sickness and miasma.
You are immune to poison.
Your flesh is very heat resistant. (rF++)
You are vulnerable to cold. (rC-)
You float through the air rather than walking.
You learn spells naturally, not from books.
Your magical power is your life essence.
You have superior vitality. (+4 MHP)


Message History

The bolt of cold hits you!!
Casting: Summon Hydra (mildly dangerous; 1% risk of failure)
Confirm with . or Enter, or press ? or * to list all spells.
An eight-headed hydra appears.
The frost giant casts a spell at you.
The bolt of cold hits your blizzard demon!
Your blizzard demon resists.
The bolt of cold hits you!!
Your blizzard demon waves its arms in wide circles.
The air twists around and strikes the frost giant!!
What are your orders? t - Shout!
Orders for allies: a - Attack new target. r - Retreat! s - Stop attacking. g - Guard the area. f - Follow me.
Anything else - Cancel.
Gang up on whom?
Press: ? - help, Dir - move target, f - frost giant
Aim: a frost giant, wielding a +2 battleaxe of freezing (moderately wounded, spells empowered, ally target) Attack!
Your blizzard demon hits the frost giant! x2
The frost giant casts a spell at you.
The bolt of cold hits your blizzard demon!
Your blizzard demon resists.
The bolt of cold hits you!!!
* * * LOW HITPOINT WARNING * * *
Your blizzard demon hits the frost giant.
Your blizzard demon hits the frost giant!
The frost giant gestures at your blizzard demon while chanting.
The bolt of cold hits your blizzard demon!
Your blizzard demon resists.
The bolt of cold misses you.
Your blizzard demon hits the frost giant!
Your blizzard demon hits the frost giant.
The frost giant casts a spell at your blizzard demon.
The bolt of cold hits your blizzard demon.
Your blizzard demon resists.
The bolt of cold hits your eight-headed hydra!!!
The bolt of cold hits you!!!
You die...

.#######~~~.........<÷
..~~~~~#~#~~.<..........
..~~~~~~~~~)............
.....~~~~~~.............
.....~~~~~~.............
.......~~~.......(......
#.....~~...............
#.........([)..........
##.....8.÷..÷.........##
...........)[.........#
..........[[...[)....~#
.......D...##.~......~#
~......2..#######...~~#
.....).C~#... ##~~~~~#
........##...≈. #~~~##
##......# #.#.# ~~~~~
#....... ≈. . ~~~~~


You could see a frost giant (empowered, distracted, ally target), a friendly
eight-headed hydra (summoned) and a friendly blizzard demon (summoned).

Vanquished Creatures
  Vashnia (Snake:2)
  A kraken (Shoals:2)
  Gastronok (Lair:1)
  Kirke (D:15)
  8 nagarajas
  The ghost of Potutehi the Blocker, a journeyman DDFi of Makhleb (Orc:1)
  Nessos (D:15)
  3 merfolk javelineers
  Snorg (D:14)
  3 merfolk impalers
  Josephine (Lair:3)
  A great orb of eyes (D:15)
  4 salamander tyrants
  4 ogre magi
  2 anacondas
  9 hydras
  6 boulder beetles
  4 catoblepae
  4 centaur warriors
  4 vault guards
  An anaconda (shapeshifter) (D:11)
  3 satyrs
  6 death yaks
  13 two-headed ogres
  2 alligator snapping turtles
  8 naga warriors
  2 thrashing horrors (Lair:5)
  6 shock serpents
  12 naga sharpshooters
  Sonja (D:12)
  2 skysharks
  5 salamander mystics
  2 skeletal warriors
  A sea snake (Shoals:2)
  2 deep trolls (Orc:2)
  2 deep elf archers (D:13)
  4 naga ritualists (Snake:4)
  3 orc knights
  A deep elf pyromancer (D:13)
  2 lindwurms
  6 harpies
  14 ugly things
  2 oklob plants (Lair:2)
  3 mana vipers
  2 orc sorcerers
  13 salamanders
  8 manticores
  4 fauns
  7 cyclopes
  8 elephants
  A water nymph (Shoals:3)
  2 merfolk sirens
  Maurice (D:11)
  A guardian serpent (Snake:4)
  16 naga magi
  23 black mambas
  13 cane toads
  Maggie (D:6)
  A smoke demon (Lair:5)
  A gargoyle (D:12)
  2 unseen horrors
  3 komodo dragons
  4 kobold demonologists
  7 rime drakes
  A tengu conjurer (D:13)
  12 trolls
  3 ancient zymes (Lair:5)
  A polar bear (Lair:5)
  A merfolk (shapeshifter) (D:15)
  9 merfolk
  3 wind drakes
  2 hornets
  25 blink frogs
  Grinder (D:3)
  4 snapping turtles
  2 large abominations (Lair:5)
  9 slime creatures
  Sigmund (D:4)
  A ynoxinul (Lair:5)
  A shock serpent simulacrum (Snake:2)
  A culicivora (shapeshifter) (D:14)
  6 spriggans
  15 basilisks
  6 wraiths
  A shadow (D:11)
  A vampire (D:9)
  52 yaks
  A human (shapeshifter) (Lair:5)
  8 wyverns
  A golden eye (shapeshifter) (Lair:5)
  21 vampire mosquitoes
  A steam dragon (Shoals:4)
  3 chaos spawn (Lair:5)
  3 acid dragons
  A warg (Orc:1)
  28 nagas
  29 water moccasins
  Duvessa (D:7)
  A meliai simulacrum (D:11)
  4 black bears
  18 orc warriors
  An ice beast (D:3)
  26 ogres
  A black mamba simulacrum (Snake:2)
  20 wolves
  12 centaurs
  8 kobold brigands
  A necrophage (D:13)
  19 bullfrogs
  6 gnoll sergeants
  9 small abominations (Lair:5)
  2 scorpions
  17 wights
  Dowan (D:7)
  12 killer bees
  2 electric eels
  3 howler monkeys
  A salamander simulacrum (Snake:2)
  3 naga simulacra (Snake:2)
  5 jellies (Lair:4)
  6 hounds
  12 orc priests
  A gnoll bouda (D:4)
  2 sleepcaps (D:8)
  Jessica (D:3)
  11 hell rats (Lair:4)
  Ijyb (D:3)
  3 iguanas
  Natasha (twice) (D:2)
  13 orc wizards
  Robin (D:3)
  7 adders
  25 gnolls
  A white imp (D:8)
  2 worms
  4 dart slugs
  63 orcs
  8 bats
  12 endoplasms
  5 giant cockroaches
  9 goblins
  14 hobgoblins
  2 jackals (D:5)
  29 kobolds
  A quokka (D:2)
  3 ball pythons
  5 frilled lizards
  4 rats
  A bush (D:12)
956 creatures vanquished.

Vanquished Creatures (collateral kills)
  Polyphemus (Shoals:2)
  The ghost of Razfen the Cruncher, an adept GnWn of Ashenzari (Snake:2)
  Agnes (Snake:3)
  Aizul (Snake:2)
  A merfolk javelineer (Shoals:4)
  4 merfolk impalers
  A centaur warrior (D:15)
  A catoblepas (Shoals:2)
  2 two-headed ogres (D:11)
  A merfolk avatar (Shoals:2)
  An alligator snapping turtle (Shoals:4)
  6 anacondas
  2 merfolk aquamancers
  A satyr (Shoals:4)
  3 death yaks
  A thrashing horror (Lair:5)
  2 naga sharpshooters (Snake:4)
  2 shock serpents (Snake:3)
  2 naga warriors (Snake:4)
  2 skysharks
  2 skeletal warriors (D:11)
  4 sea snakes
  2 bog bodies (Shoals:3)
  2 naga ritualists (Snake:4)
  A harpy (Shoals:2)
  2 mana vipers (Snake:4)
  7 manticores
  A cyclops (Shoals:2)
  3 fauns (Shoals:4)
  5 black mambas
  2 salamanders (Snake:4)
  A merfolk siren (Shoals:1)
  4 guardian serpents
  A naga mage (Snake:3)
  4 water nymphs
  A komodo dragon (shapeshifter) (D:15)
  A rime drake (Lair:4)
  9 merfolk
  5 wind drakes
  A blink frog (Lair:5)
  A nameless horror (Snake:1)
  3 snapping turtles
  2 dream sheep (Shoals:2)
  A spectral black mamba (Snake:2)
  2 yaks (D:11)
  6 water elementals
  A steam dragon (Shoals:4)
  A golden eye (shapeshifter) (D:15)
  2 basilisks
  A hog (D:15)
  4 nagas
  A spectral naga (Snake:2)
  An orc warrior (Bailey)
  2 black mamba simulacra (Snake:2)
  An ogre (D:15)
  2 small abominations (Lair:5)
  2 naga simulacra (Snake:2)
  An orc (D:11)
  A spectral weapon (Shoals:4)
  2 tentacles (Shoals:2)
131 creatures vanquished.

Vanquished Creatures (others)
  3 eldritch tentacles (Shoals:2)
  2 gnolls (D:9)
  A bush (Lair:5)
  51 fungi
  137 plants
  7 tentacles (Shoals:2)
201 creatures vanquished.

Grand Total: 1288 creatures vanquished

Notes
Turn   | Place    | Note
-------+----------+-------------------------------------------
     0 | D:1      | Armakuni the Djinni Brigand began the quest for the Orb.
     0 | D:1      | Reached XP level 1. HP: 18/18 MP: 0/0
   235 | D:1      | Reached XP level 2. HP: 18/24 MP: 0/0
   571 | D:2      | Reached XP level 3. HP: 30/30 MP: 0/0
   571 | D:2      | Learned a level 1 spell: Magic Dart
   766 | D:2      | Found Jitos's Magic Scroll Shoppe.
   773 | D:2      | Bought a scroll of identify for 28 gold pieces
   992 | D:2      | Reached XP level 4. HP: 37/37 MP: 0/0
   993 | D:2      | Noticed Natasha
  1006 | D:2      | Killed Natasha
  1150 | D:2      | Noticed Natasha
  1269 | D:2      | Killed Natasha
  1270 | D:2      | Reached skill level 5 in Fighting
  1270 | D:2      | Reached XP level 5. HP: 38/43 MP: 0/0
  1270 | D:2      | Learned a level 2 spell: Searing Ray
  1381 | D:3      | Noticed Ijyb
  1530 | D:3      | Killed Ijyb
  1531 | D:3      | Reached skill level 1 in Spellcasting
  1594 | D:3      | Noticed Robin
  1634 | D:3      | Killed Robin
  1912 | D:3      | Found Baoz's Assorted Antiques.
  1965 | D:3      | Reached XP level 6. HP: 49/49 MP: 0/0
  2005 | D:3      | Noticed Grinder
  2009 | D:3      | Paralysed by Grinder for 4 turns
  2025 | D:3      | Paralysed by Grinder for 5 turns
  2035 | D:3      | Killed Grinder
  2036 | D:3      | Reached skill level 3 in Spellcasting
  2036 | D:3      | Reached XP level 7. HP: 50/54 MP: 0/0
  2036 | D:3      | Learned a level 3 spell: Ignite Poison
  2141 | D:3      | Bought a smoky purple potion for 28 gold pieces
  2285 | D:3      | Found a bloodstained altar of Trog.
  2396 | D:3      | Noticed Jessica
  2400 | D:3      | Killed Jessica
  2401 | D:3      | Reached skill level 4 in Spellcasting
  2986 | D:4      | Noticed Sigmund
  3398 | D:4      | Killed Sigmund
  3399 | D:4      | Reached skill level 5 in Spellcasting
  3399 | D:4      | Reached XP level 8. HP: 53/59 MP: 0/0
  3623 | D:4      | Found a sparkling altar of Nemelex Xobeh.
  3627 | D:4      | Found a glowing silver altar of Zin.
  3627 | D:4      | Found a broken altar of Ashenzari.
  3627 | D:4      | Found an ornate altar of the Wu Jian Council.
  3957 | D:5      | Entered Level 5 of the Dungeon
  4057 | D:5      | Reached skill level 6 in Spellcasting
  4380 | D:5      | Reached skill level 1 in Shields
  4676 | D:5      | Reached XP level 9. HP: 61/65 MP: 0/0
  4676 | D:5      | Learned a level 3 spell: Hailstorm
  5109 | D:5      | Reached skill level 7 in Spellcasting
  5213 | D:5      | Found Vivemau's General Store.
  5217 | D:5      | Bought a potion of mutation for 112 gold pieces
  5637 | D:6      | Identified the +1 whip "Cupsoe" {heavy, rPois Str-3 Dex-5
                  | Stlth+}
  5680 | D:6      | Noticed Maggie
  5706 | D:6      | Killed Maggie
  5707 | D:6      | Reached skill level 8 in Spellcasting
  5872 | D:6      | Found an opulent altar of Gozag.
  5922 | D:6      | Found a shimmering altar of Xom.
  6134 | D:6      | Found a staircase to the Ecumenical Temple.
  6143 | Temple   | Entered the Ecumenical Temple
  6236 | Temple   | Became a worshipper of Makhleb the Destroyer
  6494 | D:7      | Found Oppayxab's Assorted Antiques.
  6499 | D:7      | Identified the +0 leather armour of the Blind Marksman
                  | {Harm +Blink rN+}
  6509 | D:7      | Bought a blackened fluorescent amulet for 90 gold pieces
  6559 | D:7      | Found Ulodag Edinn's Jewellery Boutique.
  6591 | D:7      | Reached XP level 10. HP: 53/70 MP: 0/0
  6692 | D:7      | Reached skill level 9 in Spellcasting
  6833 | D:7      | Found Buurr's Antique Weapon Boutique.
  7115 | D:7      | Found Xyny's Weapon Shop.
  7118 | D:7      | Noticed Duvessa
  7118 | D:7      | Noticed Dowan
  7122 | D:7      | Killed Dowan
  7123 | D:7      | Killed Duvessa
  7541 | D:7      | Reached * piety under Makhleb
  8204 | D:8      | Reached skill level 10 in Spellcasting
  8231 | D:8      | Reached skill level 1 in Invocations
  8231 | D:8      | Reached skill level 1 in Evocations
  8669 | D:8      | Found a flagged portal.
  8732 | Bailey   | Entered a bailey
  8814 | Bailey   | Reached ** piety under Makhleb
  8953 | Bailey   | Reached XP level 11. HP: 42/75 MP: 0/0
  8953 | Bailey   | Learned a level 5 spell: Metabolic Englaciation
  9016 | Bailey   | Reached skill level 12 in Spellcasting
  9016 | Bailey   | Reached XP level 12. HP: 81/81 MP: 0/0
  9046 | Bailey   | Reached skill level 13 in Spellcasting
  9844 | D:9      | Reached *** piety under Makhleb
 10460 | D:10     | Entered Level 10 of the Dungeon
 10585 | D:10     | Noticed a sixfirhy
 10590 | D:10     | Reached skill level 14 in Spellcasting
 10653 | D:10     | Reached **** piety under Makhleb
 11160 | D:11     | Noticed a skeletal warrior
 11171 | D:11     | Noticed a skeletal warrior
 11172 | D:11     | Noticed a skeletal warrior
 11185 | D:11     | Killed a skeletal warrior
 11194 | D:11     | Killed a skeletal warrior
 11246 | D:11     | Found a runed translucent door.
 11261 | D:11     | Noticed Maurice
 11287 | D:11     | Killed Maurice
 11288 | D:11     | Reached XP level 13. HP: 74/85 MP: 0/0
 11288 | D:11     | Learned a level 5 spell: Blade Hands
 11316 | D:11     | Reached skill level 15 in Spellcasting
 11322 | D:11     | a sea snake changed into an anaconda
 11322 | D:11     | Noticed an anaconda (glowing shapeshifter)
 11327 | D:11     | Killed an anaconda
 11371 | D:11     | Identified the +0 ring mail of the Thunderstorm {rC+}
 11374 | D:11     | Identified the +0 halberd of Innocence {heavy, *Slow rPois
                  | rN+++ Dex-4}
 11376 | D:11     | Identified the +0 pair of gloves of Dotwah {Rampage *Slow
                  | Str+8}
 11677 | D:11     | Found a staircase to the Orcish Mines.
 11947 | D:11     | Found a staircase to the Lair.
 12199 | Lair:1   | Entered Level 1 of the Lair of Beasts
 12398 | Lair:1   | Reached skill level 16 in Spellcasting
 12507 | Lair:1   | Noticed Gastronok
 12521 | Lair:1   | Killed Gastronok
 13091 | Lair:2   | Identified the +0 rapier of the Fortifying Gods {freeze,
                  | rElec}
 13122 | Lair:2   | Found a staircase to the Snake Pit.
 13127 | Lair:2   | Reached XP level 14. HP: 92/92 MP: 0/0
 13208 | Lair:2   | Found a staircase to the Shoals.
 13478 | Lair:2   | Found a hide-covered altar of Uskayaw.
 13478 | Lair:2   | Found an ornate altar of the Wu Jian Council.
 13515 | Lair:2   | Reached ***** piety under Makhleb
 13652 | Lair:2   | Reached skill level 17 in Spellcasting
 13710 | Lair:2   | Found a blossoming altar of Fedhas.
 14668 | Lair:3   | Noticed Josephine
 14678 | Lair:3   | Killed Josephine
 15199 | Lair:4   | Found a viscous altar of Jiyva.
 15225 | Lair:4   | Found a staircase to the Slime Pits.
 15380 | Lair:4   | Reached skill level 18 in Spellcasting
 15527 | Lair:4   | Reached XP level 15. HP: 60/96 MP: 0/0
 15527 | Lair:4   | Learned a level 6 spell: Statue Form
 16172 | Lair:5   | Entered Level 5 of the Lair of Beasts
 16204 | Lair:5   | Reached ****** piety under Makhleb
 16519 | Lair:5   | Reached skill level 19 in Spellcasting
 17128 | Lair:5   | Found a corrupted altar of Lugonu.
 17128 | Lair:5   | Found a one-way gate to the infinite horrors of the Abyss.
 17788 | Orc:1    | Entered Level 1 of the Orcish Mines
 17979 | Orc:1    | Found a runed translucent gate.
 17979 | Orc:1    | Found a runed translucent gate.
 17980 | Orc:1    | Found a runed translucent gate.
 17980 | Orc:1    | Noticed Potutehi's ghost (journeyman DDFi)
 18025 | Orc:1    | Killed Potutehi's ghost
 18026 | Orc:1    | Reached XP level 16. HP: 49/108 MP: 0/0
 18153 | Orc:2    | Entered Level 2 of the Orcish Mines
 18457 | Orc:2    | Reached skill level 10 in Fighting
 18461 | Orc:2    | Paralysed by an ogre mage for 5 turns
 18488 | Orc:2    | Reached skill level 5 in Invocations
 18607 | Orc:2    | Found a staircase to the Elven Halls.
 18682 | Orc:2    | Found Kywoss's Armour Shoppe.
 18707 | Orc:2    | Found Ymotuwkoch's Weapon Emporium.
 18708 | Orc:2    | Found Vyfonn's Armour Shop.
 18711 | Orc:2    | Bought a +0 helmet of intelligence for 149 gold pieces
 18734 | Orc:2    | Found Ceovynacs's Antique Weapon Emporium.
 18752 | Orc:2    | Bought a +0 buckler of protection for 149 gold pieces
 19024 | Orc:1    | You are sucked into a shaft and drop 1 floor!
 19281 | D:12     | Found a portal to a secret trove of treasure.
 19588 | D:12     | Noticed Sonja
 19595 | D:12     | Killed Sonja
 20849 | D:13     | Found a gate to the Vaults.
 21142 | D:14     | Noticed Snorg
 21152 | D:14     | Killed Snorg
 21356 | D:14     | Identified the +0 trident "Ugyub" {holy, rF++}
 21422 | D:14     | Found an iron altar of Okawaru.
 21666 | D:14     | Reached skill level 10 in Invocations
 21716 | D:14     | Reached XP level 17. HP: 119/119 MP: 0/0
 21716 | D:14     | Learned a level 7 spell: Summon Hydra
 21998 | D:15     | Entered Level 15 of the Dungeon
 22336 | D:15     | Noticed Kirke
 22369 | D:15     | Killed Kirke
 22659 | D:15     | Noticed Nessos
 22675 | D:15     | Killed Nessos
 22778 | D:15     | Reached skill level 20 in Spellcasting
 22800 | D:15     | Found a staircase to the Depths.
 22952 | Snake:1  | Entered Level 1 of the Snake Pit
 23106 | Snake:1  | Found Peitou's Armour Boutique.
 23917 | Snake:2  | Found Uteit's Armour Emporium.
 24004 | Snake:2  | Noticed Aizul
 24009 | Snake:2  | Killed Aizul
 24062 | Snake:2  | Found a runed translucent gate.
 24062 | Snake:2  | Found a runed translucent gate.
 24076 | Snake:2  | Noticed Razfen's ghost (adept GnWn)
 24077 | Snake:2  | Found a runed translucent gate.
 24199 | Snake:2  | Noticed Vashnia
 24235 | Snake:2  | Killed Vashnia
 24730 | Snake:2  | Reached XP level 18. HP: 106/124 MP: 0/0
 25320 | Snake:2  | Killed Razfen's ghost
 25343 | Snake:2  | Identified the +3 morningstar of Dissatisfaction {flame,
                  | rCorr}
 25446 | Snake:3  | Reached skill level 21 in Spellcasting
 25882 | Snake:4  | Entered Level 4 of the Snake Pit
 25902 | Snake:4  | Noticed Agnes
 25916 | Snake:3  | Killed Agnes
 26866 | Snake:4  | Reached skill level 22 in Spellcasting
 26946 | Snake:4  | Got a serpentine rune of Zot
 27006 | Snake:4  | Reached XP level 19. HP: 130/130 MP: 0/0
 27006 | Snake:4  | Learned a level 7 spell: Malign Gateway
 27315 | Snake:4  | Noticed Mara
 27341 | Snake:4  | HP: 1/130 [blizzard demon/bolt of lightning[the player
                  | character] (29)]
 27849 | Shoals:1 | Entered Level 1 of the Shoals
 27966 | Shoals:1 | Found Hexowac's Antique Weapon Shop.
 29063 | Shoals:2 | Noticed Polyphemus
 29094 | Shoals:2 | Killed Polyphemus
 29812 | Shoals:3 | Reached skill level 23 in Spellcasting
 30269 | Shoals:4 | Entered Level 4 of the Shoals
 30460 | Shoals:4 | Reached skill level 1 in Polearms
 30769 | Shoals:4 | Killed from afar by a frost giant

Illustrated notes

Levels and vault maps discovered:
D:1:      lemuel_arrival_behind_the_door_large, layout_loops_cross
D:2:      layout_loops_ring, serial_shops, shop, minmay_bisected, uniq_natasha
D:3:      minmay_wonky_spiral, layout_loops_ring, trog_three_pillars_becter,
          serial_shops, nicolae_shop_window_shopping,
          chequers_serial_rivers_room_b, kennysheep_generic_room_4, uniq_robin,
          uniq_grinder, uniq_jessica, uniq_ijyb
D:4:      layout_gridville, minitemple, uniq_sigmund
D:5:      layout_cave_pools, nicolae_vehumet_radiance, serial_gnoll_camp,
          gnoll_camp_mini_hut, gnoll_camp_huts_basic, gnoll_camp_mini_shop,
          gnoll_camp_mini_sergeant
D:6:      layout_cave_pools, mainiacjoe_overflow_24_doors, grunt_gozag_statues,
          lemuel_temple_firewalk_b, minivault_25, uniq_maggie
D:7:      layout_layer_cave, enter_ossuary_3, serial_shops, shop,
          nicolae_shop_temple_entry_statues_fountains,
          nicolae_shop_bloodbath_and_beyond, nicolae_shop_advertising_works
          [nicolae_subvault_shop_adworks], uniq_duvessa
D:8:      layout_loops_ring, enter_bailey_6, chequers_serial_rivers_micro_c
D:9:      layout_loops_ring, hangedman_decor_opposing, lemuel_flamethrower_2
D:10:     layout_rooms
D:11:     layout_cave_pools, david_lair_generic, minmay_orc_entry_temple_small,
          serial_glass, glass_columns_a, glass_columns_a, hangedman_glass_teeth,
          minmay_st_funbox, uniq_maurice
D:12:     layout_stronghold, enter_trove_5, kb_lookout_dungeons_type, uniq_sonja
D:13:     layout_small_grid, grunt_vaults_entry_fortified, hangedman_stone_soup,
          kennysheep_potato
D:14:     layout_loops_ring, okawaru_metal_pillars_3, minivault_25_ag,
          uniq_snorg
D:15:     gammafunk_enter_depths_forms, layout_small_grid, serial_bayou_pond_a,
          uniq_nessos, uniq_kirke
Temple:   nicolae_temple_god_jail
Lair:1:   layout_regular_city, chequers_serial_rivers_small_3,
          wad_woods_river_03, uniq_gastronok
Lair:2:   layout_cave_shapes, elwin_shoals_entry_rocks,
          minmay_snake_entry_six_corridors, hangedman_tree_tricks,
          nzn_masters_of_martial_movement, serial_bayou_shore_b,
          serial_bayou_shore_a, serial_bayou_shore_b
Lair:3:   layout_regular_city, serial_bayou_ford_a, wad_woods_02, uniq_josephine
Lair:4:   layout_roguey [special_room_mythical_zoo],
          nicolae_slime_entry_field_trip, beast_lair_carwin_7
Lair:5:   hellmonk_lair_end_abyssal_woods, layout_gridlike
Shoals:1: layout_shoals, serial_shops, shop, nicolae_shoals_seven_spires
Shoals:2: layout_shoals, uniq_polyphemus
Shoals:3: layout_shoals, nicolae_shoals_secluded_bog
Shoals:4: shoals_end_grunt_ice, layout_shoals, shoals_ilsuiw_alternative,
          nicolae_shoals_drake_roost, uniq_roxanne
Snake:1:  layout_misc_corridors, serial_shops, shop, serial_bayou_shore_b
Snake:2:  layout_chambers, serial_shops, nicolae_diamond_shop,
          gammafunk_ghost_necromancy, grunt_megastairs_5, uniq_aizul,
          uniq_vashnia
Snake:3:  nicolae_snake_crotalidae_crossing, layout_rooms, lemuel_fruit_tree
Snake:4:  johnstein_snake_rune_scales, layout_cave_town, drop_trap, uniq_agnes,
          uniq_mara
Orc:1:    layout_caves, ebering_ghost_rock_garden
Orc:2:    st_orc_open, layout_caves, david_defended_altar_orc

Skill      XL: |  1  2  3  4  5  6  7  8  9 10 11 12 13 14 15 16 17 18 19 |
---------------+----------------------------------------------------------+-----
Fighting       | 3 4 5 7 10 | 10.0
Spellcasting   | 1 3 5 6 8 10 12 14 16 18 19 20 22 23 | 23.2
Shields        | 2 4 |  4.0
Invocations    | 2 4 10 | 10.0
Evocations     | 3 |  3.0
Polearms       | 3 |  3.5
Short Blades   | |  1.7
Throwing       | |  1.5
Dodging        | |  1.1
Stealth        | |  3.2

Action                     |  1- 3 |  4- 6 |  7- 9 | 10-12 | 13-15 | 16-18 | 19-21 || total
---------------------------+-------+-------+-------+-------+-------+-------+-------++-------
  Melee: Dagger            |    26 |       |       |       |       |       |       ||    26
         Short sword       |    40 |   112 |   118 |       |       |       |       ||   270
         Punch             |       |     2 |       |       |       |     1 |       ||     3
         Trident           |       |       |    56 |   268 |   519 |    12 |       ||   855
         Staff             |       |       |       |       |     7 |    56 |    13 ||    76
         Unarmed           |       |       |       |       |       |     7 |       ||     7
         Demon trident     |       |       |       |       |       |       |   116 ||   116
  Throw: Dart              |    10 |    16 |     7 |       |     5 |    31 |       ||    69
         Throwing net      |       |       |       |       |       |     1 |       ||     1
   Cast: Searing Ray       |       |     4 |    55 |    60 |    84 |    93 |    22 ||   318
         Hailstorm         |       |       |     5 |    49 |   153 |   427 |   100 ||   734
         Metabolic Englaci |       |       |       |       |    56 |    98 |    19 ||   173
         Statue Form       |       |       |       |       |     4 |     8 |    11 ||    23
         Summon Hydra      |       |       |       |       |       |    28 |    52 ||    80
         Blade Hands       |       |       |       |       |       |     2 |       ||     2
         Malign Gateway    |       |       |       |       |       |       |     3 ||     3
 Invoke: Lesser Servant of |       |       |       |       |    18 |     6 |     3 ||    27
         Minor Destruction |       |       |       |       |     1 |       |       ||     1
         Major Destruction |       |       |       |       |     1 |       |       ||     1
         Greater Servant o |       |       |       |       |       |     2 |     3 ||     5
Ability: End Transformatio |       |       |       |       |       |     2 |       ||     2
  Evoke: Wand              |       |       |     3 |    17 |    10 |     2 |     3 ||    35
         Tin of tremorston |       |       |       |       |     4 |     2 |     2 ||     8
         Lightning rod     |       |       |       |       |     8 |     6 |     4 ||    18
         Phantom mirror    |       |       |       |       |     1 |       |     1 ||     2
         Box of beasts     |       |       |       |       |       |     1 |       ||     1
         Phial of floods   |       |       |       |       |       |     1 |       ||     1
    Use: Scroll            |     1 |     7 |    12 |     6 |    13 |    11 |    12 ||    62
         Potion            |       |     1 |     5 |     6 |       |     1 |     6 ||    19
   Stab: Sleeping          |     6 |     2 |     2 |     3 |     1 |       |       ||    14
         Distracted        |       |     1 |       |       |     2 |     1 |     3 ||     7
         Invisible         |       |       |     1 |       |       |       |     1 ||     2
 Armour: Leather armour    |    21 |    42 |    79 |       |       |       |       ||   142
         Skin              |       |     7 |       |       |    67 |    79 |    80 ||   233
         Swamp dragon scal |       |       |     1 |    69 |       |       |       ||    70
         Scale mail        |       |       |       |   116 |   332 |   149 |    72 ||   669
  Dodge: Dodged            |    38 |    48 |   150 |   251 |   604 |   274 |   193 ||  1558
  Block: Buckler           |       |       |    20 |   115 |   202 |   161 |   116 ||   614
